 Dungeon Crawl Stone Soup version 0.28.0-53-g5a82cb258f (webtiles) character file.

Game seed: 11353021061409606123

43 bnorton916 the Firebug (level 3, -1/19 HPs)
             Began as a Deep Elf Fire Elementalist on May 31, 2022.
             Slain by a phantom (8 damage)
             ... on level 2 of the Dungeon.
             The game lasted 00:01:42 (1852 turns).

bnorton916 the Firebug (Deep Elf Fire Elementalist) Turns: 1852, Time: 00:01:42

Health: -1/19      AC:  2    Str:  5    XL:     3   Next: 37%
Magic:  8/10       EV: 12    Int: 21    God:
Gold:   50         SH:  0    Dex: 15    Spells: 8/9 levels left

rFire   . . .      SeeInvis .   (no weapon)
rCold   . . .      Faith    .   (no shield)
rNeg    . . .      Spirit   .   a - +0 robe
rPois   .          Reflect  .   (no helmet)
rElec   .          Harm     .   (no cloak)
rCorr   .          Rampage  .   (no gloves)
Will    .....                   (no boots)
Stlth   ++........              (no amulet)
HPRegen 0.06/turn               (no ring)
MPRegen 0.12/turn               (no ring)

@: no status effects
A: no striking features
a: no special abilities


You were on level 2 of the Dungeon.
You visited 1 branch of the dungeon, and saw 2 of its levels.

You collected 50 gold pieces.

Inventory:

Missiles
 d - 66 stones
 g - 4 poisoned darts
Armour
 a - a +0 robe (worn)
Scrolls
 f - a scroll of vulnerability {unknown}
 h - a scroll of enchant weapon {unknown}
Potions
 b - a potion of attraction {unknown}
 e - a potion of berserk rage {unknown}


   Skills:
 - Level 2.4 Dodging
 - Level 2.4 Stealth
 + Level 3.9 Spellcasting
 + Level 2.2 Conjurations
 + Level 3.9 Fire Magic


You had 8 spell levels left.
You knew the following spells:

 Your Spells              Type           Power      Damage    Failure   Level
a - Foxfire               Conj/Fire      68%        2x1d7     3%          1

Your spell library contained the following spells:

 Spells                   Type           Power      Damage    Failure   Level
 Scorch                   Fire           40%        2d7       3%          2
 Conjure Flame            Conj/Fire      17%        6-21      11%         3
 Inner Flame              Hex/Fire       12%        N/A       16%         3
 Flame Wave               Conj/Fire      17%        2d6       34%         4


Dungeon Overview and Level Annotations

Branches:
Dungeon (2/15)

Altars:


Message History

Found a stone staircase leading down.
There is a stone staircase leading up here.
You open the door.
There is an open door here.
You open the large door.
A phantom and a ball python come into view.
A bat comes into view.
Casting: Foxfire (safe; 3% risk of failure)
Confirm with . or Enter, or press ? or * to list all spells.
You conjure some foxfire!
Your foxfire dissipates!
The foxfire hits the phantom.
The phantom is lightly damaged.
You barely miss the bat. The bat hits you.
The phantom hits you but does no damage.
Casting: Foxfire (safe; 3% risk of failure)
Confirm with . or Enter, or press ? or * to list all spells.
You conjure some foxfire!
The bat closely misses you. The phantom barely misses you.
The foxfire hits the phantom.
The phantom is moderately damaged.
The bat barely misses you. The phantom closely misses you. The bat misses you.
The bat barely misses you. The bat hits you.
You barely miss the bat.
The bat closely misses you. x2; The phantom hits you.
The phantom blinks!
You blink.
The ball python bites you but does no damage.
The ball python barely misses you.
As you read the scroll labelled JOLUURPH ANIMM, it crumbles to dust.
The scroll dissolves into smoke.
It was a scroll of fog.
The phantom misses you. The ball python barely misses you.
The ball python grabs you. The ball python constricts you.
Casting: Foxfire (safe; 3% risk of failure)
Confirm with . or Enter, or press ? or * to list all spells.
You conjure some foxfire!
The phantom hits you! The ball python closely misses you.
The ball python constricts you.
The foxfire hits the ball python.
You kill the ball python!
The phantom hits you!
You die...

..........# #<#
..........####.#####.#
..........'....>.....#
..........##.#.#######
#######.####.#.# #§##
#.#.# #§b# #.#.# ≈
##W###.#.. ≈≈
#§@##.### ≈≈≈ ##§##.#
≈≈≈≈ #§##.# ≈≈≈≈W
#.##.# ≈≈≈≈≈≈#.#
......'.# ....S.'.#
≈≈≈≈≈≈#.# ≈≈≈≈≈≈#.#


You could see a phantom and a bat.

Vanquished Creatures
  A gnoll (D:1)
  A dart slug (D:1)
  4 endoplasms (D:1)
  2 giant cockroaches (D:1)
  A goblin (D:1)
  6 hobgoblins (D:1)
  3 jackals (D:1)
  2 ball pythons
  3 bats (D:1)
  A frilled lizard (D:1)
  A kobold (D:1)
  4 rats (D:1)
29 creatures vanquished.

Vanquished Creatures (others)
  148 foxfires
148 creatures vanquished.

Grand Total: 177 creatures vanquished

Notes
Turn   | Place    | Note
-------+----------+-------------------------------------------
     0 | D:1      | bnorton916 the Deep Elf Fire Elementalist began the quest
                  | for the Orb.
     0 | D:1      | Reached XP level 1. HP: 10/10 MP: 6/6
   556 | D:1      | Reached XP level 2. HP: 15/15 MP: 5/8
   938 | D:1      | Reached XP level 3. HP: 19/19 MP: 3/10
  1836 | D:2      | Noticed a phantom
  1852 | D:2      | Slain by a phantom

Illustrated notes

Levels and vault maps discovered:
D:1:      doesnt_arrival_eight_statues, layout_basic
D:2:      kennysheep_big_flooded_room, layout_basic,
          dreamdust_ecumenical_altar_angels_and_demons, uniq_sigmund

Skill      XL: |  1  2 |
---------------+-------+-----
Conjurations   | 2 |  2.2
Dodging        | |  2.4
Stealth        | |  2.4
Spellcasting   | |  3.9
Fire Magic     | |  3.9

Action                   || total
-------------------------++-------
Melee: Unarmed           ||     4
 Cast: Foxfire           ||    92
  Use: Scroll            ||     1
Armor: Robe              ||     4
Dodge: Dodged            ||    25
